Cogmind - Beta 10.2 @@@ ROGUE MODE // 2021.05.17 @ 18:16:03 Player: Trantor Result: Self-destructed Performance ------------- Evolutions (2) 1000 Regions Visited (3) 600 Robots Destroyed (4) 20 Value Destroyed (32) 32 Prototype IDs (1) 20 Alien Tech Used (0) 0 Bonus (0) 0 TOTAL SCORE: 1672 Bonus ------- None Cogmind --------- Core Integrity 387/550 Matter 142/300 Energy 100/100 System Corruption 0% Temperature Cool (18) Movement Core (100) Ox1 Location -8/Materials Parts ------- > --- POWER (1) -------- (None) > --- PROPULSION (4) --- (None) > --- UTILITY (4) ------ Small Storage Unit Visual Processing Unit > --- WEAPON (2) ------- (None) > --- INVENTORY (6) ---- Light Deuterium Engine Terrain Scanner Light Assault Rifle Light Assault Rifle Grenade Launcher Grenade Launcher Peak State ------------ > --- POWER ------------ Light Deuterium Engine > --- PROPULSION ------- Flight Unit Flight Unit > --- UTILITY ---------- Small Storage Unit Visual Processing Unit > --- WEAPON ----------- Light Assault Rifle > --- INVENTORY -------- Ion Engine Terrain Scanner Light Assault Rifle Light Assault Rifle Grenade Launcher Grenade Launcher [Rating: 9] Favorites ----------- Power Light Ion Engine Engine Light Ion Engine Propulsion Aluminum Leg Leg Aluminum Leg Flight Unit Flight Unit Utility Small Storage Unit Device Terrain Scanner Storage Small Storage Unit Processor Visual Processing Unit Weapon Light Assault Rifle Energy Gun Medium Laser Ballistic Gun Light Assault Rifle Launcher Grenade Launcher Build | -11 -10 -9 -8 ------- Run | Scr Mat Mat Mat Slots Evolved 4 | . . 2 2 Power . | . . . . Propulsion 2 | . . 1 1 Utility 2 | . . 1 1 Weapon . | . . . . Parts Attached 17 | . 8 7 2 Power 4 | . 1 1 2 Engine 4 | . 1 1 2 Core . | . . . . Reactor . | . . . . Propulsion 5 | . 3 2 . Treads . | . . . . Leg . | . . . . Wheel . | . . . . Hover . | . . . . Flight 5 | . 3 2 . Utility 2 | . 1 1 . Device 1 | . 1 . . Storage . | . . . . Processor 1 | . . 1 . Hackware . | . . . . Protection . | . . . . Artifact . | . . . . Weapon 6 | . 3 3 . Energy Gun . | . . . . Energy Cannon . | . . . . Ballistic Gun 5 | . 3 2 . Ballistic Cannon . | . . . . Launcher 1 | . . 1 . Special Weapon . | . . . . Impact Weapon . | . . . . Slashing Weapon . | . . . . Piercing Weapon . | . . . . Special Melee Weapon . | . . . . Unidentified Prototypes 1 | . . 1 . Parts Lost 4 | . . . 4 Power 1 | . . . 1 Propulsion 2 | . . . 2 Utility . | . . . . Weapon 1 | . . . 1 Highest Loss Streak 4 | . . . 4 Average Slot Usage (%) 76 | . 84 58 46 Engine 12 | . 14 11 7 Leg 15 | . 21 . . Flight 10 | . 6 22 12 Device 1 | . 2 . . Storage 13 | . 14 11 9 Processor 1 | . . 2 9 Energy Gun 7 | . 9 . . Ballistic Gun 14 | . 15 11 9 Naked Turns . | . . . . Heaviest Build 11 | 10 11 8 8 Greatest Support 20 | 20 20 8 8 Greatest Overweight (x) 2 | . 2 1 1 Average Overweight (x) . | . . . . Largest Inventory Capacity 6 | 6 6 6 6 Average Capacity 6 | 6 6 6 6 Most Carried 6 | 6 6 6 6 Average Carried 5 | 6 5 6 6 Final Capacity 6 | 6 6 6 6 Final Carried 6 | 6 6 6 6 Class Distribution -------------------- 100% | Mutant Dominant Class ---------------- Mutant | -10/Materials Mutant | -9/Materials Mutant | -8/Materials Resources | -11 -10 -9 -8 ----------- Run | Scr Mat Mat Mat Matter Collected 243 | 200 43 . . Remotely . | . . . . Salvage Created 88 | . 88 . . Parts 10 | . 10 . . Haulers Intercepted 1 | . 1 . . Recyclers Shooed . | . . . . Parts Field Recycled . | . . . . Retrieved Matter . | . . . . Parts Self-Destructed . | . . . . Prevented . | . . . . Kills | -11 -10 -9 -8 ------- Run | Scr Mat Mat Mat Combat Hostiles Destroyed 3 | . 3 . . Guns 3 | . 3 . . Classes Destroyed 2 | . 2 . . Hauler 1 | . 1 . . Swarmer 3 | . 3 . . Best Kill Streak 3 | . 3 . . Combat Bots Only 3 | . 3 . . Max Kills in Single Turn 1 | . 1 . . Gunslinging . | . . . . Exploded . | . . . . Melee . | . . . . Uniques/NPCs Destroyed . | . . . . Combat | -11 -10 -9 -8 -------- Run | Scr Mat Mat Mat Damage Taken 488 | . 103 32 353 Core 178 | . 9 6 163 Absorbed by Shields . | . . . . Core Remaining (%) 98 | 100 96 98 . Volleys Fired 23 | . 21 2 . Largest 2 | . 2 1 . Hottest 70 | . 70 30 . Shots Fired 38 | . 36 2 . Gun 36 | . 36 . . Cannon . | . . . . Launcher 2 | . . 2 . Special . | . . . . Kinetic 31 | . 31 . . Thermal 5 | . 5 . . Explosive 2 | . . 2 . Electromagnetic . | . . . . Robot Hit Streak 4 | . 4 . . Robot Miss Streak 3 | . 3 . . Penetration Max . | . . . . Secondary Targets . | . . . . Shots Hit Robots 21 | . 21 . . Core Hits 9 | . 9 . . Critical Hits . | . . . . Critical Kills . | . . . . Critical Parts Destroyed . | . . . . Melee Attacks . | . . . . Impact . | . . . . Slashing . | . . . . Piercing . | . . . . Sneak Attacks . | . . . . Combat Hostiles . | . . . . Follow-up Attacks . | . . . . Damage Inflicted 175 | . 175 . . Guns 175 | . 175 . . Cannons . | . . . . Explosions . | . . . . Melee . | . . . . Ramming . | . . . . Kinetic 139 | . 139 . . Thermal 36 | . 36 . . Explosive . | . . . . Electromagnetic . | . . . . Impact . | . . . . Slashing . | . . . . Piercing . | . . . . Highest Corruption . | . . . . Average Corruption . | . . . . Corruption Purged . | . . . . Overload Shots . | . . . . Overflow Damage . | . . . . Projectiles . | . . . . Explosions . | . . . . Melee . | . . . . Knockbacks . | . . . . Impact . | . . . . Kinetic . | . . . . Secondary . | . . . . Self-Inflicted Damage 5 | . . 5 . Shots 1 | . . 1 . Rammed . | . . . . Targets Rammed . | . . . . Kicked . | . . . . Crushed . | . . . . Highest Temperature 322 | . 90 322 . Average Temperature 86 | . 30 153 . Received Heat Transfer 189 | . . . 189 Siege Activations . | . . . . Robots Corrupted . | . . . . Combat Hostiles . | . . . . Parts Fried . | . . . . Impact Corruptions . | . . . . Robots Melted . | . . . . Combat Hostiles . | . . . . Parts Melted . | . . . . Heat Transferred 111 | . 111 . . Parts Sabotaged . | . . . . Parts Stolen . | . . . . Parts Stripped . | . . . . Power Chain Reactions . | . . . . Missiles Intercepted . | . . . . Alert | -11 -10 -9 -8 ------- Run | Scr Mat Mat Mat Peak Influence 142 | . 142 75 65 Initial 15 | . . . 15 Average 25 | . 25 20 45 Maximum Alert Level . | . . . . Low Security (%) 100 | 100 100 100 100 Level 1 . | . . . . Level 2 . | . . . . Level 3 . | . . . . Level 4 . | . . . . Level 5 . | . . . . High Security . | . . . . Max Security . | . . . . Squads Dispatched 4 | . . 3 1 Investigation . | . . . . Extermination . | . . . . Reinforcement 4 | . . 3 1 Assault . | . . . . Garrison . | . . . . Intercept . | . . . . Construction Impeded . | . . . . Haulers Reinforced . | . . . . Stealth | -11 -10 -9 -8 --------- Run | Scr Mat Mat Mat Distress Signals 1 | . . . 1 Communications Jammed . | . . . . Distress Signals . | . . . . Times Spotted 35 | . 6 16 13 Peak Tracking Total 12 | . 3 12 12 Tactical Retreats 2 | . 1 1 . Traps | -11 -10 -9 -8 ------- Run | Scr Mat Mat Mat Traps Triggered 2 | . 1 1 . Indirectly . | . . . . Trap Hack Attempts . | . . . . Triggered . | . . . . Disarmed . | . . . . Reprogrammed . | . . . . Reused . | . . . . Traps Extracted . | . . . . Installed . | . . . . Triggered . | . . . . Machines | -11 -10 -9 -8 ---------- Run | Scr Mat Mat Mat Machines Disabled . | . . . . Max in Single Turn . | . . . . Machines Sabotaged . | . . . . Garrisons Compromised . | . . . . Overloaded Fab Kills . | . . . . Fab Network Shutdowns . | . . . . Hacking | -11 -10 -9 -8 --------- Run | Scr Mat Mat Mat Machines Accessed 6 | . 4 1 1 Terminals 6 | . 4 1 1 Fabricators . | . . . . Repair Stations . | . . . . Recycling Units . | . . . . Scanalyzers . | . . . . Garrison Access . | . . . . Total Hacks 13 | . 9 2 2 Successful 7 | . 5 2 . Failed 5 | . 3 . 2 Catastrophic 1 | . 1 . . Database Lockouts 1 | . 1 . . Manual 13 | . 9 2 2 Terminals 13 | . 9 2 2 Fabricators . | . . . . Repair Stations . | . . . . Recycling Units . | . . . . Scanalyzers . | . . . . Garrison Access . | . . . . Terminal Hacks 6 | . 4 2 . Robot Analysis 2 | . 2 . . Unreport Threat 3 | . 1 2 . Hauler Manifests 1 | . 1 . . Fabricator Hacks . | . . . . Repair Station Hacks . | . . . . Recycling Unit Hacks . | . . . . Scanalyzer . | . . . . Garrison Access Hacks . | . . . . Unauthorized Hacks 1 | . 1 . . Terminals 1 | . 1 . . Botnet 1 | . 1 . . Fabricators . | . . . . Repair Stations . | . . . . Recycling Units . | . . . . Scanalyzers . | . . . . Garrison Access . | . . . . Data Cores Recovered . | . . . . Used . | . . . . Hacking Detections 4 | . 3 . 1 Full Trace Events . | . . . . Feedback Events . | . . . . Feedback Blocked . | . . . . Robot Schematics Acquired . | . . . . Robots Built . | . . . . Matter . | . . . . Time . | . . . . Total Robot Build Rating . | . . . . Part Schematics Acquired . | . . . . Parts Built . | . . . . Matter . | . . . . Time . | . . . . Total Part Build Rating . | . . . . Parts Repaired . | . . . . Time . | . . . . Parts Recycled . | . . . . Recycled Matter . | . . . . Retrieved Matter . | . . . . Retrieved Components . | . . . . Parts Scanalyzed . | . . . . Part Schematics Acquired . | . . . . Parts Damaged . | . . . . Bothacking | -11 -10 -9 -8 ------------ Run | Scr Mat Mat Mat Used RIF Installer . | . . . . Robots Hacked . | . . . . Non-combat . | . . . . Combat . | . . . . Robot Hacks Applied . | . . . . Relay Couplers Released . | . . . . Robots Rewired . | . . . . Allies Hacked . | . . . . Hacks Repelled . | . . . . Allies | -11 -10 -9 -8 -------- Run | Scr Mat Mat Mat Total Allies . | . . . . Largest Group . | . . . . Highest-Rated Group . | . . . . Highest-Rated Ally . | . . . . Total Orders . | . . . . Ally Attacks . | . . . . Total Damage . | . . . . Kills . | . . . . Allies Corrupted . | . . . . Allies Melted . | . . . . Intel | -11 -10 -9 -8 ------- Run | Scr Mat Mat Mat Robot Analysis Total 2 | . 2 . . Derelict Logs Recovered . | . . . . Drone Launches . | . . . . Drone Recoveries . | . . . . Exploration | -11 -10 -9 -8 ------------- Run | Scr Mat Mat Mat Turns Passed 639 | 5 457 133 44 Spaces Moved 724 | 5 400 238 81 Core 3 | . . . 3 Treads . | . . . . Legs 256 | 5 251 . . Wheels . | . . . . Hover . | . . . . Flight 465 | . 149 238 78 Fastest Speed 37 | 120 37 37 37 Average Speed 68 | 120 91 37 48 Slowest Speed 200 | 120 200 120 120 Overloaded Moves . | . . . . Propulsion Burnouts . | . . . . Robots Hopped . | . . . . Cave-ins Triggered . | . . . . Exploration Rate (%) 29 | 2 63 34 19 Regions Visited 3 Branch Regions . Pre-discovered Areas . | . . . . Known Exits Taken . | . . . . Unknown Exits Taken 3 | 1 1 1 . Scrap Searched . | . . . . Spaces Dug 13 | . . 13 . Terrain Destroyed 13 | . . 13 . Melee . | . . . . Projectile . | . . . . AOE 13 | . . 13 . Terrain Rammed . | . . . . Walls Destroyed . | . . . . Machines Disabled . | . . . . Actions | -11 -10 -9 -8 --------- Run | Scr Mat Mat Mat Total 831 | 4 465 276 86 Wait 48 | . 19 29 . Move 721 | 4 399 237 81 Hop . | . . . . Pick Up 6 | . 5 . 1 Fast Attach 12 | . 7 5 . Attach . | . . . . Detach 3 | . 3 . . Swap 5 | . 1 2 2 Drop 13 | . 10 1 2 Fire 23 | . 21 2 . Melee . | . . . . Ram . | . . . . Kick . | . . . . Crush . | . . . . Escape Stasis . | . . . . Rewire . | . . . . Trap . | . . . . Miscellaneous . | . . . . Route ------- -11/Scrapyard -10/Materials (discovered 3 exits: *Mat x2 / [*Min]) -9/Materials (discovered 2 exits: *Mat / [*Min]) -8/Materials (discovered 1 exit: [*Sto]) History --------- Turn | Location | Event 1 | -11/Scrapyard | Discovered new exit (range 2) 6 | -11/Scrapyard | Entered Materials 166 | -10/Materials | Discovered new exit (range 15) 285 | -10/Materials | Discovered new exit (range 7) 318 | -10/Materials | Build established: Mutant 438 | -10/Materials | Discovered new exit (range 16) 456 | -10/Materials | Central database locked down 463 | -10/Materials | Entered another Materials area 463 | -9/Materials | Evolved 2 slots: Propulsion x1, Utility x1 496 | -9/Materials | Discovered new exit (range 7) 590 | -9/Materials | Discovered new exit (range 17) 596 | -9/Materials | Entered another Materials area 596 | -8/Materials | Evolved 2 slots: Propulsion x1, Utility x1 639 | -8/Materials | Discovered new exit (range 12) 640 | -8/Materials | Self-destructed Last Messages --------------- GOAL=ESCAPE 00602_ O-16 Technician: "IFF HANDSHAKE FAILED. SECURING TERMINAL." 00602_ O-16 Technician uses terminal to summon reinforcements. 00602_ ALERT: Hostiles spotted, dispatching reinforcements to Terminal M007. 00602_ O-16 Technician locks terminal. 00612_ Dropped Lgt. Ion Engine. 00614_ Dropped Ion Engine. 00614_ Acquired Lgt. Ion Engine. 00618_ Connecting with Terminal... 00618_ Current location identified: Materials 00619_ K-01 Serf collects debris. 00626_ Flight Unit destroyed. 00629_ W-25 Informer sends out distress signal. 00633_ Lgt. Ion Engine destroyed. 00637_ Flight Unit destroyed. 00637_ Electrolysis Chamber disabled. 00639_ EXIT=FOUND 00640_ Lgt. Assault Rifle destroyed. 00640_ K-01 Serf collects debris. Map ----- +----------------------------------------------------+ | ???????????????????????????????????????# + | | ???????????????????????????????????????# # | | ???????????????????????????????????????# # | | ???????????????????????????????????????# # | | ???????????????????????????????????????# ####### | | ???????????????????????????????????????# #?! = | | ???????????????????????????????????????# #? | | ???????????????????????????????????????# # """ | | ???????????????????????????????????????# # """ | | ???????????????????????????????????##### + """ | | ???????????????????????????????????# # """ | | ???????????????????????????????????# # """ | | ????????????????????????? ###### #? | | ????????????????????????+ ! ####### | | ????????????????????????# ### # | | ????????????????????????????????# """"" # | | ????????????????????????????????# """"" + """ | | ??????????????????##?????##+????# """"" # R" | | ??????????????????# "????? ???# # """ | | ??????????????????# "????? ] ???# + | | ??????????????????# "????? ?" # """"" #+####+ | | ??????????????????# ???? S"" #[ """"" #???? | | ??????????????????? ???? "" # """"" #???? | | ???????????????????? ???? ??# #???? | | ???????????????######+#####/##+## #???? | | ???????????+ < Ya g @ #???? | | ????????????????######g !k #???? | | ?????????????????????#g """ T # #### #???? | | ?????????????????????# g ""g # ####+###?? | | ?????????????????????#gg""" * #==!!!!# #?? | | ??????????????# # g g #==!!!!# """ #?? | | ??????????????# """ + w ! *######?# "T" #?? | | ??????????????# """ ###T### #??????# #?? | | ???????????????????????###?# #??????#! #?? | | ???????????????????????????## #??????# * #?? | | ?????????????????????######## ###########/#### | | ?????????????????????# ! ! + | | ?????????????????????# # | | ?????????????????????# """ # ### | | ?????????????????????# """ ##+###+######### #?? | | ?????????????????????# """ # ??????# #?? | | ?????????????????????# # """ """ #????# #?? | | ?????????????????????######## """ """ #????# #?? | | ????????????????????????????# """ """ #????# #?? | | ????????????????????????????# #???? ?? | | ????????????????????????????# [ #???? ?? | | ????????????????????????????# ! ]#???? ? | | ????????????????????????????#! ] #???? ? | | ????????????????????????????###########???? # | | ??????????????????????????????????????????? # | +----------------------------------------------------+ Best States ------------- Heat Dissipation 31 Energy Generation 10 Energy Capacity 125 Matter Stores 300 Matter Capacity 300 Sight Range 18 Terrain Scan Range 14 Terrain Scan Density 10 Evasion (%) 62 Item Schematics ----------------- None Robot Schematics ------------------ None Fabricated ------------ Nothing Alien Tech Used ----------------- None Achievements -------------- None Challenges ------------ None Game ------ Seed LargeCooledStick Manual? 0 Play Time 00:13:05 Cumulative 106.3 hours Start 2021.05.17 @ 17:55:01 End 2021.05.17 @ 18:16:03 Sessions 2 Manual Loads 0 Difficulty Rogue Special Mode None Game No. 67 Rogue 42 Adventurer 25 Explorer 0 Win Type - Total 0 Types 0/0/0/0/0/0/0/0/0 Lore% 39 Gallery% 39 Achievement% 34 Wizard Run 0 Options --------- ASCII 0 Keyboard 1 Movement Vi Keybinds 1 Fullscreen 2 Font 18/SmallcapsGlow Map View 76x50 Tactical HUD 1 Map Filters NONE Filters NONE Steam 1 RUN: a38c1244-4621-4cc9-a4f8-2a88c5fbf92e